 Dungeon Crawl Stone Soup version 0.27-a0-1099-g7f87ac42b0 (webtiles) character file.

Game seed: 8774414403905850497

23 Gaff the Magician (level 2, 21/21 HPs)
             Began as a Djinni Earth Elementalist on Apr 27, 2021.
             Was a Plaything of Xom.
             Got out of the dungeon alive.
             The game lasted 00:02:40 (929 turns).

Gaff the Magician (Djinni Earth Elementalist)        Turns: 929, Time: 00:02:40

Health: 21/21      AC:  2    Str:  7    XL:     2   Next: 95%
Gold:   14         EV: 12    Int: 16    God:    Xom [..*...] SH:  0 Dex: 13

rFire    + + .     SeeInvis .   f - +0 short sword
rCold    x . .     Faith    .   (no shield)
rNeg     . . .     Spirit   .   c - +0 robe
rPois    ∞         Reflect  .   (no helmet)
rElec    .         Harm     .   (no cloak)
rCorr    .         Rampage  .   (no gloves)
Will     .....                  (boots unavailable)
Stlth    ++........             (no amulet)
HPRegen  0.07/turn              (no ring)
MPRegen  0.00/turn              (no ring)

@: flying
A: fire resistance 2, cold vulnerability 1, float, innate caster, hp casting,
extra vitality 1
a: Renounce Religion


You escaped.
You worshipped Xom.
You were a toy of Xom.
You visited 1 branch of the dungeon, and saw 1 of its levels.

You collected 14 gold pieces.

Inventory:

Hand Weapons
 e - a +0 flail
 f - a +0 short sword (weapon)
Missiles
 b - 16 stones
Armour
 c - a +0 robe (worn)
Scrolls
 d - 2 scrolls of identify {unknown}
 g - a scroll of blinking {unknown}
 h - a scroll of vulnerability {unknown}
Potions
 a - a potion of curing {unknown}


   Skills:
 + Level 2.2 Dodging
 + Level 1.7 Stealth
 + Level 0.2 Unarmed Combat
 + Level 3.4 Spellcasting


You couldn't memorise any spells.
You knew the following spells:

 Your Spells              Type           Power      Damage    Failure   Level
a - Sandblast             Erth           26%        2d8       4%          1
b - Passwall              Tmut/Erth      10%        N/A       7%          2
c - Stone Arrow           Conj/Erth      26%        3d8       13%         3
d - Petrify               Tmut/Erth      13%        N/A       41%         4
e - Lee's Rapid Deconstr  Erth           6%         3d7*      77%         5
Your spell library was empty.

Dungeon Overview and Level Annotations

Branches:
Dungeon (1/15)

Altars:
Xom

Shops:
D:1 !


Innate Abilities, Weirdness & Mutations

You are immune to poison.
Your flesh is very heat resistant. (rF++)
You are vulnerable to cold. (rC-)
You float through the air rather than walking.
You learn spells naturally, not from books.
Your magical power is your life essence.
You have superior vitality. (+4 HP)


Message History

You closely miss the giant cockroach.
The giant cockroach is severely wounded.
The giant cockroach closely misses you.
You hit the giant cockroach.
The giant cockroach is almost dead.
The giant cockroach closely misses you. The giant cockroach misses you.
You completely miss the giant cockroach.
The giant cockroach is almost dead.
The giant cockroach barely misses you.
You closely miss the giant cockroach.
The giant cockroach is almost dead.
The giant cockroach bites you but does no damage.
You barely miss the giant cockroach.
The giant cockroach is almost dead.
The giant cockroach bites you but does no damage.
The giant cockroach bites you.
You hit the giant cockroach but do no damage.
The giant cockroach is almost dead.
The giant cockroach barely misses you.
You hit the giant cockroach but do no damage.
The giant cockroach is almost dead.
The giant cockroach barely misses you.
You hit the giant cockroach.
You kill the giant cockroach!
You now have 14 gold pieces.
A quokka comes into view.
Casting: Sandblast (safe; 4% risk of failure)
Confirm with . or Enter, or press ? or * to list all spells.
You don't know that spell.
You can't go down here!
Unknown command.
A quokka is nearby!
Casting: Sandblast (safe; 4% risk of failure)
Confirm with . or Enter, or press ? or * to list all spells.
You don't know that spell.
Unknown command.
You see here a +0 scale mail.
There is a staircase leading out of the dungeon here.
Are you sure you want to leave the Dungeon?
This will make you lose the game!
You have escaped!

.#.##.####...####...#......#
...#### #...## ###........#
##.#### ##....#
#....###.....
#....###.....## #....# ####
#.#..##.......####....#
#.....#....#...##.....#
#....#....###......#.##
#÷........###.....##.#
##....##..###..[@..####
##...###...##.....##
##.#####........###
.......##.....###
##.#######...## #.# ##.##
#.# #.. ##.# #### ##.#


There were no monsters in sight!

Vanquished Creatures
  A dart slug (D:1)
  4 endoplasms (D:1)
  A giant cockroach (D:1)
  2 goblins (D:1)
  A hobgoblin (D:1)
  A quokka (D:1)
  3 ball pythons (D:1)
  A bat (D:1)
  A frilled lizard (D:1)
  A kobold (D:1)
  4 rats (D:1)
20 creatures vanquished.

Notes
Turn   | Place    | Note
-------+----------+-------------------------------------------
     0 | D:1      | Gaff the Djinni Earth Elementalist began the quest for the
                  | Orb.
     0 | D:1      | Reached XP level 1. HP: 15/15 MP: 0/0
   150 | D:1      | Reached skill level 3 in Spellcasting
   304 | D:1      | Reached XP level 2. HP: 10/21 MP: 0/0
   531 | D:1      | Found Arostrog's Distillery.
   686 | D:1      | Found a faded altar of an unknown god.
   780 | D:1      | Became a worshipper of Xom the Tricky
   929 | D:$      | Got out of the dungeon alive.

Illustrated notes

Levels and vault maps discovered:
D:1:      dpeg_arrival_arbitrary_b, layout_loops_ring, serial_shops,
          nicolae_shop_crystal, shapermc_ecumenical_altar_venn

Skill      XL: |  1 |
---------------+----+-----
Spellcasting   | 3 |  3.4
Dodging        | |  2.2
Stealth        | |  1.7
Unarmed Combat | |  0.2

Action                   || total
-------------------------++-------
Melee: Unarmed           ||    10
       Flail             ||     4
       Short sword       ||    37
 Cast: Sandblast         ||    16
Armor: Robe              ||     9
Dodge: Dodged            ||    37

Table legend: (Time is in decaauts)
 A = Elapsed time spent in this place.
 B = Non-inter-level travel time spent in this place.
 C = Inter-level travel time spent in this place.
 D = Time resting spent in this place.
 E = Time spent auto-exploring this place.
 F = Levels seen in this place.
 G = Mean time per level.
                   A        B        C        D        E       F      G
               +--------+--------+--------+--------+--------+-----+--------+
         Total |    933 |    901 |     32 |    416 |    288 |   1 |  933.0 |
       Dungeon |    933 |    901 |     32 |    416 |    288 |   1 |  933.0 |
               +--------+--------+--------+--------+--------+-----+--------+

Top non-repeatable levels by time:
     D:1: 933 daAuts
